 Dungeon Crawl Stone Soup version 0.26-b1-32-g5d43845318 (webtiles) character file.

Game seed: 7416680718886021261

583 DildoBatman the Conjurer (level 7, -6/51 HPs)
             Began as a Formicid Conjurer on Jan 5, 2021.
             Was an Initiate of Kikubaaqudgha.
             Mangled by an orc warrior
             ... wielding a +0 battleaxe
              (22 damage)
             ... on level 5 of the Dungeon on Jan 6, 2021.
             The game lasted 00:18:00 (4877 turns).

DildoBatman the Conjurer (Formicid Conjurer)        Turns: 4877, Time: 00:18:01

Health: -6/51      AC:  2    Str: 11    XL:     7   Next: 64%
Magic:  4/12       EV: 12    Int: 20    God:    Kikubaaqudgha [......]
Gold:   337        SH:  4    Dex:  9    Spells: 9/12 levels left

rFire    + . .     SeeInvis +   a - +2 spear (distort)
rCold    . . .     Faith    +   s - +0 buckler
rNeg     . . .     Spirit   .   k - +0 robe
rPois    .         Reflect  .   (helmet unavailable)
rElec    .         Harm     .   (no cloak)
rCorr    .         Rampage  .   (no gloves)
Will     +....                  (no boots)
Stlth    ++........             w - amulet of faith
HPRegen  0.17/turn              t - ring of willpower
MPRegen  0.13/turn              B - ring of protection from fire

@: no status effects
A: permanent stasis, dig shafts and tunnels, four strong arms, antennae 3
a: Dig, Shaft Self, Renounce Religion


You were on level 5 of the Dungeon.
You worshipped Kikubaaqudgha.
Kikubaaqudgha was noncommittal.
You visited 2 branches of the dungeon, and saw 7 of its levels.
You also visited: Sewer.

You collected 337 gold pieces.

Inventory:

Hand Weapons
 a - a +2 spear of distortion (weapon)
 b - a +0 hunting sling
 d - a +1 whip of electrocution
 i - a +0 quarterstaff of speed
 H - a +1 falchion of freezing
Missiles
 h - 78 stones
 p - 58 sling bullets
 C - 41 arrows
 G - 18 bolts
Armour
 k - a +0 robe (worn)
 s - a +0 buckler (worn)
Magical Staves
 E - an uncursed staff of cold {unknown}
Jewellery
 t - a ring of willpower (left hand)
 w - an amulet of faith (around neck)
 B - a ring of protection from fire (right hand)
Wands
 c - a wand of random effects (19)
 g - a wand of iceblast (4)
 y - a wand of disintegration (12)
Scrolls
 j - a scroll of amnesia {unknown}
 r - 2 scrolls of immolation
 x - 4 scrolls of remove curse
 z - a scroll of identify
 A - 3 scrolls of fog
 D - a scroll of teleportation {unknown}
 F - 2 scrolls of magic mapping {unknown}
Potions
 e - a potion of haste {unknown}
 f - 4 potions of invisibility {unknown}
 l - 3 potions of attraction {unknown}
 m - a potion of flight {unknown}
 n - 4 potions of heal wounds {unknown}
 o - 4 potions of might {unknown}
 q - a potion of lignification {unknown}
 u - 2 potions of berserk rage {unknown}
 v - a potion of degeneration {unknown}


   Skills:
 * Level 2.6 Fighting
 - Level 1.0 Polearms
 * Level 2.6 Armour
 * Level 2.3 Dodging
 - Level 2.4 Stealth
 - Level 2.4 Shields
 * Level 3.4 Spellcasting
 - Level 6.0 Conjurations


You had 9 spell levels left.
You knew the following spells:

 Your Spells              Type           Power        Failure   Level
a - Searing Ray           Conj           54%          1%          2
c - Magic Dart            Conj           100%         1%          1

Your spell library contained the following spells:

 Spells                   Type           Power        Failure   Level
 Dazzling Flash           Conj/Hex       30%          12%         3
 Fulminant Prism          Conj/Hex       7%           36%         4
 Iskenderun's Mystic Bla  Conj/Tloc      15%          36%         4


Dungeon Overview and Level Annotations

Branches:
Dungeon (6/15)             Temple (1/1) D:6           Sewer (visited)

Altars:
Ashenzari
Cheibriados
Dithmenos
Elyvilon
Fedhas
Gozag
Hepliaklqana
Kikubaaqudgha
Makhleb
Nemelex Xobeh
Okawaru
Qazlal
Ru
Sif Muna
Trog
Uskayaw
Vehumet
Wu Jian
Xom
Yredelemnul
Zin
The Shining One

Shops:
D:4 *

Annotations:
D:2 Sigmund
D:3 exclusion: sensed monster (detected), Ijyb
D:4 exclusions: orc wizard and sensed monster (detected)
D:5 exclusion: orc warrior, Eustachio


Innate Abilities, Weirdness & Mutations

You cannot be hasted, slowed, berserked, paralysed or teleported.
You can dig through walls and to a lower floor.
Your four strong arms can wield two-handed weapons with a shield.
You have a pair of large antennae on your head. (SInv)


Message History

Eustachio casts a spell.
Eustachio blinks!
No target in view!
No target in view!
No target in view!
You barely miss the orc warrior.
The orc warrior is severely wounded.
The orc warrior closely misses you.
You closely miss the orc warrior.
The orc warrior is severely wounded.
You hit the orc warrior but do no damage.
Space bends around the orc warrior.
The orc warrior is severely wounded.
The orc warrior hits you with a +0 battleaxe!
You hit the orc warrior but do no damage.
Space bends around the orc warrior.
The orc warrior is almost dead.
The orc warrior hits you with a +0 battleaxe!!
You die...
Kikubaaqudgha rasps: "You have failed me!
Welcome... death!"

###.......# #.#
#[.(....o.####### #.#
#....##.........# #.#
#.......>....##.# #.#
#............##.# #.#
#............##.# #.#
#....###'##{###.# #.#
#....# #.###o##.# #.# #
#...)# #.##@###.# #.#
######....###.######.# #.#
.....................# #.#
###############.########.#
##.......#.# #.#####.#.#
#.#...#.#.# #.#.....#.#
#.#.#####.#


You could see an orc warrior.

Vanquished Creatures
  A water moccasin (Sewer)
  A centaur skeleton (D:5)
  A hound (D:6)
  2 orc priests (D:6)
  2 orc wizards
  3 worker ants
  7 gnolls
  8 adders
  An ooze (D:3)
  An adder zombie (D:5)
  3 worms
  A dart slug (D:2)
  2 leopard geckos
  8 orcs
  4 giant cockroaches
  4 goblins
  4 hobgoblins
  5 jackals
  A quokka (D:3)
  A ball python (D:1)
  10 bats
  2 frilled lizards
  4 kobolds
  A quokka skeleton (D:4)
  11 rats
88 creatures vanquished.

Notes
Turn   | Place    | Note
-------+----------+-------------------------------------------
     0 | D:1      | DildoBatman the Formicid Conjurer began the quest for the
                  | Orb.
     0 | D:1      | Reached XP level 1. HP: 13/13 MP: 3/3
   429 | D:1      | Reached XP level 2. HP: 19/19 MP: 3/5
   435 | D:1      | Reached skill level 4 in Conjurations
   808 | D:2      | Learned a level 2 spell: Searing Ray
   858 | D:2      | Reached XP level 3. HP: 24/24 MP: 4/6
   909 | D:2      | Noticed Sigmund
  1062 | D:2      | Reached XP level 4. HP: 30/30 MP: 7/7
  1225 | D:2      | Reached skill level 1 in Fighting
  1225 | D:2      | Reached skill level 1 in Armour
  1225 | D:2      | Reached XP level 5. HP: 13/37 MP: 8/8
  1613 | D:3      | Reached skill level 1 in Shields
  1648 | D:3      | Found a glowing drain.
  1725 | D:3      | Noticed Ijyb
  1740 | Sewer    | Entered a sewer
  1743 | Sewer    | Reached skill level 5 in Conjurations
  1755 | Sewer    | Reached skill level 1 in Polearms
  1796 | Sewer    | Noticed a water moccasin
  1805 | Sewer    | Killed a water moccasin
  1806 | Sewer    | Reached XP level 6. HP: 38/44 MP: 1/10
  2258 | D:3      | Found a shadowy altar of Dithmenos.
  2726 | D:4      | Found Gozag's Platinum Reserve.
  2732 | D:4      | Found an opulent altar of Gozag.
  2885 | D:4      | Found a broken altar of Ashenzari.
  3385 | D:5      | Entered Level 5 of the Dungeon
  3425 | D:5      | Noticed Eustachio
  3508 | D:5      | Reached XP level 7. HP: 47/50 MP: 11/11
  3611 | D:5      | Reached skill level 6 in Conjurations
  4545 | D:6      | Found a shimmering altar of Xom.
  4547 | D:6      | Found a shimmering altar of Xom.
  4548 | D:6      | Found a shimmering altar of Xom.
  4548 | D:6      | Found a shimmering altar of Xom.
  4548 | D:6      | Found a shimmering altar of Xom.
  4576 | D:6      | Found a staircase to the Ecumenical Temple.
  4593 | Temple   | Entered the Ecumenical Temple
  4755 | Temple   | Became a worshipper of Kikubaaqudgha
  4877 | D:5      | Mangled by an orc warrior

Illustrated notes

Levels and vault maps discovered:
D:1:      elethiomel_arrival_maze, layout_basic, minmay_3d_cube
D:2:      layout_rooms, kennysheep_generic_room_7, uniq_sigmund
D:3:      layout_loops_corners, gup_sewer_entry_glass, minmay_misc_feat_room,
          hangedman_decor_push, grunt_dithmenos_smoke, uniq_ijyb
D:4:      layout_loops_ring, nicolae_gozag_zags_fifth_avenue,
          evilmike_ruin_ashenzari
D:5:      layout_basic, uniq_eustachio
D:6:      layout_loops_cross, minmay_temple_entry_arrows, xom_redecorated
Temple:   regret_index_temple_sigil_plot

Skill      XL: |  1  2  3  4  5  6  7 |
---------------+----------------------+-----
Conjurations   | 4 5 6 |  6.0
Fighting       | 1 2 |  2.6
Armour         | 1 2 |  2.6
Shields        | 2 |  2.4
Polearms       | 1 |  1.0
Spellcasting   | 3 |  3.4
Dodging        | 2 |  2.3
Stealth        | |  2.4

Action                   |  1- 3 |  4- 6 |  7- 9 || total
-------------------------+-------+-------+-------++-------
Melee: Spear             |    30 |   103 |    70 ||   203
 Cast: Magic Dart        |    18 |    15 |     9 ||    42
       Searing Ray       |     1 |     8 |    10 ||    19
 Abil: Dig               |       |     7 |    15 ||    22
  Use: Scroll            |       |     5 |     1 ||     6
 Stab: Sleeping          |     5 |     5 |       ||    10
Armor: Robe              |     4 |     9 |     5 ||    18
Dodge: Dodged            |    12 |    37 |    23 ||    72
Block: Buckler           |       |     8 |     3 ||    11
